 Dungeon Sprint DCSS version 0.17-a0-1582-ge6b0260 (webtiles) character file.

122 nuthulu the Fighter (level 8, -8/88 HPs)
             Began as a Gargoyle Fighter on July 27, 2015.
             Was an Elder of Trog.
             Mangled by the 27-headed Lernaean hydra (9 damage)
             ... in the Dungeon (Sprint VI: "Thunderdome").
             The game lasted 00:05:56 (728 turns).

nuthulu the Fighter (Gargoyle Fighter)               Turns: 728, Time: 00:05:56

Health: -8/88      AC: 20    Str: 27    XL:     8   Next: 72%
Magic:  26/26      EV:  9    Int:  9    God:    Trog [****..]
Gold:   11         SH: 13    Dex: 11    Spells: 0 memorised, 7 levels left

rFire  + + .     SeeInvis .     s - +2 flail (protect)
rCold  . . .     Clarity  .     b - +0 scale mail
rNeg   + . .     SustAt   .     c - +0 shield
rPois  ∞         Gourm    .     (no helmet)
rElec  +         Spirit   .     r - +0 cloak
rCorr  .         Warding  .     (no gloves)
rMut   .         NoTele   +     (no boots)
MR     .....                    g - amulet of Okkiagg {rPois Regen+ MP+9 Str+2}
Stlth  ..........               v - ring of Lugonu's Envy {Fire Stlth+}
                                p - ring of Kiuselan {rF+ rC+ MP+9}

@: mighty, berserking, very slightly contaminated, hasted, very quick, not
resistant to hostile enchantments, extremely unstealthy
A: negative energy resistance 1, electricity resistance, unbreathing,
petrification resistance, rot immunity, AC +5
a: Burn Spellbooks, Berserk, Trog's Hand, Brothers in Arms, Renounce Religion


You were in the Dungeon.
You worshipped Trog.
Trog was greatly pleased with you.
You were not hungry.

You visited 1 branch You collected 404 gold pieces.
You spent 393 gold pieces at shops.

Inventory:

Hand weapons
 a - a +0 flail
 s - a +2 flail of protection (weapon)
Armour
 b - a +0 scale mail (worn)
 c - a +0 shield (worn)
 r - a +0 cloak (worn)
Jewellery
 g - the amulet of Okkiagg (around neck) {rPois Regen+ MP+9 Str+2}
   (You bought it in a shop in the Dungeon)

   [amulet of regeneration]

   It affects your strength (+2).
   It protects you from poison.
   It affects your magic capacity (+9).
   It increases your rate of regeneration.
 p - the ring of Kiuselan (left hand) {rF+ rC+ MP+9}
   (You bought it in a shop in the Dungeon)

   [ring of magical power]

   It protects you from fire.
   It protects you from cold.
   It affects your magic capacity (+9).
 q - the ring "Hewk" {rPois rN+ MR+ Int+5 Dex-5}
   (You bought it in a shop in the Dungeon)

   [ring of protection from magic]

   It affects your intelligence (+5).
   It affects your dexterity (-5).
   It protects you from poison.
   It protects you from negative energy.
   It affects your resistance to hostile enchantments.
 u - the ring of the Traitor {Int+4 Stlth+}
   (You bought it in a shop in the Dungeon)

   [ring of stealth]

   It affects your intelligence (+4).
   It makes you more stealthy.
 v - the ring of Lugonu's Envy (right hand) {Fire Stlth+}
   (You bought it in a shop in the Dungeon)

   [ring of fire]

   It enhances your fire magic, and weakens your ice magic.
   It protects you from fire.
   It makes you vulnerable to cold.
   It makes you more stealthy.
Magical devices
 l - a wand of cold (0)
 m - a wand of fire (0)
Scrolls
 k - 4 scrolls of blinking
 n - 3 scrolls of fog
Potions
 d - 3 potions of might
 f - 3 potions of curing
 h - 3 potions of haste
 i - 2 potions of magic
 j - a potion of berserk rage
 o - 2 potions of resistance
Comestibles
 e - a bread ration
 t - a chunk of flesh


   Skills:
 + Level 10.8 Fighting
 + Level 9.7 Maces & Flails
 + Level 10.8 Armour
 + Level 10.7 Shields


You had 7 spell levels left.
You didn't know any spells.

Dungeon Overview and Level Annotations

Branches:
Dungeon (1/1)

Altars:
Cheibriados
Dithmenos
Fedhas
Gozag
Kikubaaqudgha
Makhleb
Okawaru
Qazlal
Ru
Sif Muna
Trog
Vehumet
Xom
Yredelemnul
Zin
The Shining One
Jiyva
Lugonu

Shops:
D *[%??*?*:[((!!!!

Annotations:
D Lernaean hydra


Innate Abilities, Weirdness & Mutations

You are resistant to torment.
Your stone body is resilient (AC +5).
You are immune to poison.
You resist negative energy.
You are resistant to electric shocks.
You can survive without breathing.
You are immune to petrification.
You are immune to rotting.


Message History

The 27-headed Lernaean hydra bites you.
* * * LOW HITPOINT WARNING * * *
The 27-headed Lernaean hydra barely misses you.
The 27-headed Lernaean hydra closely misses you.
You block the 27-headed Lernaean hydra's attack.
The 27-headed Lernaean hydra bites you but does no damage.
You block the 27-headed Lernaean hydra's attack.
The 27-headed Lernaean hydra bites you.
* * * LOW HITPOINT WARNING * * *
The 27-headed Lernaean hydra bites you but does no damage. x2
The 27-headed Lernaean hydra bites you!
* * * LOW HITPOINT WARNING * * *
The 27-headed Lernaean hydra bites you.
* * * LOW HITPOINT WARNING * * *
The 27-headed Lernaean hydra bites you but does no damage.
The 27-headed Lernaean hydra bites you.
* * * LOW HITPOINT WARNING * * *
The 27-headed Lernaean hydra barely misses you.
The 27-headed Lernaean hydra bites you!
You die...

#∩_._......###......._.∩##
∩........8.# #.8........∩###
...........###..[..........##
........###...###..........⌠#
........# #.<.# #..........⌠#
........###...###.....(....⌠#
...........###........[....##
∩........8.# #.8.D......∩###
#∩___.....[###..@...__.∩##
######.8.........8.######
#⌠...........⌠#
###.........### #_......._#
#_......._# #_......._#
#∩.......∩# ##∩.....∩##


You could see the 27-headed Lernaean hydra.

Vanquished Creatures
  Maurice (D)
  Sigmund (D)
  Edmund (D)
  A wolf (D)
  2 spiders (D)
  4 gnoll sergeants (D)
  A scorpion (D)
  A gnoll (D)
  A worm (D)
  4 giant cockroaches (D)
  A quokka zombie (D)
  2 rats (D)
20 creatures vanquished.

Notes
Turn   | Place    | Note
--------------------------------------------------------------
     0 | D        | nuthulu the Gargoyle Fighter began the quest for the Orb.
     0 | D        | Reached XP level 1. HP: 14/14 MP: 1/1
     1 | D        | Found an opulent altar of Gozag.
     1 | D        | Found a glowing silver altar of Zin.
     2 | D        | Found a shimmering altar of Xom.
     2 | D        | Found a shadowy altar of Dithmenos.
     4 | D        | Found Ziasas's Do-It-Yourself Clinic.
     4 | D        | Found a sacrificial altar of Ru.
     4 | D        | Found Sobletz's Distillery.
     5 | D        | Found Tenuixt's Bottled Wisdom.
     5 | D        | Found Wall's Distillery.
     5 | D        | Round 1.
     7 | D        | Noticed a scorpion
     8 | D        | Found a corrupted altar of Lugonu.
    12 | D        | Bought 6 potions of might for 168 gold pieces
    17 | D        | Found a deep blue altar of Sif Muna.
    17 | D        | Found Puubod's Staff Store.
    17 | D        | Found Toemon's Must-Have Magic.
    18 | D        | Found Heovaite's Magic Scroll Shop.
    19 | D        | Found a bloodstained altar of Trog.
    19 | D        | Found a glowing golden altar of the Shining One.
    19 | D        | Found Direps's Magic Scroll Shop.
    23 | D        | Killed a scorpion
    23 | D        | Reached skill level 5 in Fighting
    23 | D        | Reached skill level 5 in Armour
    23 | D        | Reached skill level 5 in Shields
    23 | D        | Reached XP level 2. HP: 18/21 MP: 2/2
    23 | D        | Reached XP level 3. HP: 22/26 MP: 3/3
    27 | D        | Found a basalt altar of Yredelemnul.
    31 | D        | Became a worshipper of Trog the Wrathful
    34 | D        | Noticed Sigmund
    37 | D        | Found a stormy altar of Qazlal.
    37 | D        | Found Xyocuum's Bee Food.
    37 | D        | Found Qioqat's Jewellery.
    54 | D        | Found a snail-covered altar of Cheibriados.
    85 | D        | Killed Sigmund
    85 | D        | Acquired Trog's first power
    85 | D        | Reached skill level 7 in Fighting
    85 | D        | Reached XP level 4. HP: 12/34 MP: 4/4
    85 | D        | Reached XP level 5. HP: 13/38 MP: 5/5
   119 | D        | Arena points: 12 (+12) [x2]
   126 | D        | Found Peumn's Advanced Armour.
   127 | D        | Found a blossoming altar of Fedhas.
   127 | D        | Found an ancient bone altar of Kikubaaqudgha.
   127 | D        | Found an iron altar of Okawaru.
   127 | D        | Found Etryiss's Identification Station.
   134 | D        | Bought a clouded platinum ring for 45 gold pieces
   134 | D        | Identified the ring of Kiuselan {rF+ rC+ MP+9} (You bought it in a shop in the Dungeon)
   144 | D        | Round 2.
   145 | D        | Found a radiant altar of Vehumet.
   146 | D        | Found a burning altar of Makhleb.
   147 | D        | Found a viscous altar of Jiyva.
   148 | D        | Found Heghaoq's Premium Goods.
   148 | D        | Found Dyxzogo's Weapon Rack.
   149 | D        | Found Massuirph's Miscellaneous Merchandise.
   149 | D        | Found Ogyivi Efis's Basic Armour.
   168 | D        | Noticed a spider
   175 | D        | Killed a spider
   175 | D        | Acquired Trog's second power
   175 | D        | Reached XP level 6. HP: 39/44 MP: 6/6
   222 | D        | Reached skill level 8 in Fighting
   240 | D        | Arena points: 54 (+42) [x3]
   259 | D        | Bought a faintly glowing lapis lazuli ring for 45 gold pieces
   259 | D        | Identified the ring "Hewk" {rPois rN+ MR+ Int+5 Dex-5} (You bought it in a shop in the Dungeon)
   289 | D        | Round 3.
   300 | D        | Noticed Maurice
   315 | D        | HP: 2/45 [something/wand of cold (8)]
   322 | D        | Killed Maurice
   322 | D        | Reached skill level 9 in Fighting
   322 | D        | Reached XP level 7. HP: 22/51 MP: 7/7
   388 | D        | Noticed Edmund
   430 | D        | Killed Edmund
   430 | D        | Acquired Trog's third power
   430 | D        | Received a gift from Trog
   430 | D        | Reached XP level 8. HP: 10/57 MP: 8/8
   472 | D        | Arena points: 66 (+12) [x1]
   472 | D        | Reached skill level 10 in Fighting
   472 | D        | Reached skill level 10 in Armour
   472 | D        | Reached skill level 10 in Shields
   487 | D        | Round 4.
   489 | D        | Bought a crude brass amulet for 45 gold pieces
   489 | D        | Identified the amulet of Okkiagg {rPois Regen+ MP+9 Str+2} (You bought it in a shop in the Dungeon)
   639 | D        | Arena points: 122 (+56) [x2]
   660 | D        | Bought a brightly glowing granite ring for 45 gold pieces
   661 | D        | Identified the ring of the Traitor {Int+4 Stlth+} (You bought it in a shop in the Dungeon)
   662 | D        | Bought a heavily runed steel ring for 45 gold pieces
   663 | D        | Identified the ring of Lugonu's Envy {Fire Stlth+} (You bought it in a shop in the Dungeon)
   697 | D        | Round 5.
   698 | D        | Noticed the 27-headed Lernaean hydra
   728 | D        | HP: 4/88 [the 27-headed Lernaean hydra (1)]
   728 | D        | HP: 1/88 [the 27-headed Lernaean hydra (3)]
   728 | D        | Mangled by the 27-headed Lernaean hydra

Vault maps used:
D:        arena_sprint

Action                   |  1- 3 |  4- 6 |  7- 9 || total
-------------------------+-------+-------+-------++-------
Melee: Flail             |     6 |    44 |    71 ||   121
       Unarmed           |     3 |     3 |       ||     6
Invok: Berserk           |       |       |     1 ||     1
       Brothers in Arms  |       |       |     1 ||     1
Evoke: Wand              |       |       |     5 ||     5
  Use: Potion            |     2 |     3 |     4 ||     9
